Map: Apotheosis LE

Players

Gracz

  • Race: Zerg Zerg
  • League: Bronze

DerValle - Winner!

  • Race: Terran Terran
  • League: Silver

VOD

Have the link to the VOD?

Description

Time

  • Played on: Sept. 3, 2016, 10:52 a.m.
  • Length: 12:45
Show
View Real Time Build Order
Export as new Build Order

Gracz Zerg 

Build Orders: Pool First 

Get SALT Encoding   

  12  0:15  Drone x2  
  14  0:26  Overlord  
  14  0:49  Spawning Pool  
  13  0:50  Extractor, Drone x2  
  13  0:53  Drone  
  15  1:10  Drone  
  16  1:43  Hatchery  
  16  1:47  Extractor, Queen  
  15  1:51  Zergling x6  
  19  2:20  Metabolic Boost  
  19  2:46  Queen  
  19  2:49  Drone  
  19  2:50  Overlord x2  
  22  2:55  Drone  
  23  3:08  Drone  
  24  3:21  Queen, Drone x4  
  30  3:35  Drone x2  
  32  3:42  Queen  
  34  3:50  Drone x3  
  37  4:14  Drone x3  
  40  4:22  Extractor, Drone x2  
  40  4:23  Extractor, Drone  
  41  4:29  Lair  
  41  4:41  Hatchery  
  40  5:05  Overlord x3  
  40  5:09  Drone x3  
  40  5:12  Drone  
  45  5:54  Zergling x6  
  45  5:55  Zergling x12  
  48  6:18  Spine Crawler  
  34  6:37  Zergling x2  
  34  6:38  Zergling x4  
  3  7:05  Zergling x4  
  2  7:56  Hatchery  
  1  9:12  Spawning Pool  
  1  9:13  Drone  
  1  10:04  Hatchery  
    10:10  Zergling x4  
    10:11  Zergling x2  
    11:16  Drone  
  1  11:32  Drone  
  2  11:48  Spawning Pool  
  2  11:51  Drone  
  2  11:52  Drone  
  3  12:08  Drone  
  2  12:36  Hatchery  
Show
View Real Time Build Order
Export as new Build Order

DerValle Terran - Winner!

Build Orders:  

Get SALT Encoding   

  12  0:02  SCV  
  13  0:14  SCV  
  14  0:25  Supply Depot  
  14  0:26  SCV  
  15  0:49  Barracks  
  15  0:50  SCV  
  15  0:56  Refinery  
  16  0:58  Supply Depot  
  16  1:04  SCV  
  17  1:16  SCV  
  18  1:29  SCV  
  19  1:51  Marine  
  20  1:55  SCV  
  20  1:57  Barracks  
  20  2:00  Refinery  
  21  2:08  Marine  
  21  2:12  Orbital Command  
  22  2:26  Marine  
  23  2:44  Barracks Reactor  
  23  2:46  Barracks Tech Lab  
  23  2:53  Factory  
  23  2:54  Engineering Bay  
  23  2:57  Supply Depot, SCV  
  24  3:11  Marauder  
  24  3:12  Combat Shields  
  26  3:26  Supply Depot, Terran Infantry Weapons Level 1  
  26  3:27  Marine x2  
  28  3:37  SCV  
  29  3:41  Marauder  
  31  3:50  Factory Tech Lab  
  31  3:54  Marine x2  
  33  4:03  Marauder  
  33  4:07  SCV  
  36  4:16  Siege Tank  
  39  4:31  Marine x2  
  40  4:32  Marauder  
  40  4:36  Concussive Shells  
  43  4:48  Starport  
  43  4:59  Marine x2, Marauder  
  47  5:37  Command Center  
  36  7:47  Marine x2  
  36  7:48  Marine  
  36  7:51  Viking  
  41  7:53  Siege Tank  
  41  7:55  Terran Infantry Armor Level 1  
  44  7:59  SCV  
  44  8:05  Marine x3  
  48  8:21  Viking  
  48  8:23  Marine x3  
  48  8:25  Siege Tank  
  53  8:41  Marine x3  
  56  8:51  Viking  
  58  8:57  Siege Tank  
  58  8:59  Marine  
  62  9:21  Viking  
  64  9:50  Viking  
Tags
 
Add a new tag
Caveats
  • Supply blocks, unpowered buildings, or Contaminate may cause inaccurate times.
  • Supply counts are checked every 10 seconds.